 Dungeon Crawl Stone Soup version 0.29.1-2-gbd0b4ee654 (webtiles) character file.

Game seed: 2330840386005420113

1545 H0rd4k the Martial Artist (level 8, -5/54 HPs)
             Began as an Octopode Artificer on Nov 30, 2022.
             Slain by a gnoll
             ... wielding a +0 spear
              (7 damage)
             ... on level 5 of the Dungeon.
             The game lasted 00:06:13 (6730 turns).

H0rd4k the Martial Artist (Octopode Artificer)      Turns: 6730, Time: 00:06:14

Health: -5/54      AC:  1    Str: 16    XL:     8   Next: 87%
Magic:  23/23      EV: 18    Int: 15    God:
Gold:   415        SH:  0    Dex: 22    Spells: 15/15 levels left

rFire   . . .      SeeInvis .     - Unarmed
rCold   . . .      Faith    .   (no shield)
rNeg    . . .      Spirit   .   (helmet restricted)
rPois   +          Reflect  .   y - amulet "Leosua Otai" {RegenMP Contam rPois Str+4 Dex+10}
rElec   .          Harm     .   p - +4 ring of evasion
rCorr   .          Rampage  .   m - ring of magical power
Will    .....                   (no ring)
Stlth   +++.......              (no ring)
HPRegen 0.18/turn               (no ring)
MPRegen 0.58/turn               (no ring)
                                (no ring)
                                (no ring)

@: no status effects
A: almost no armour, amphibious, 8 rings, camouflage 1, gelatinous body 1,
(nimble swimmer 1), tentacles
a: no special abilities


You were on level 5 of the Dungeon.
You visited 1 branch of the dungeon, and saw 5 of its levels.
You also visited: Sewer.

You collected 415 gold pieces.

Inventory:

Missiles
 n - 2 poisoned darts (quivered)
 v - 3 boomerangs
Jewellery
 m - a ring of magical power (right tentacle)
 p - a +4 ring of evasion (left tentacle)
 y - the amulet "Leosua Otai" (around mantle) {RegenMP Contam rPois Str+4 Dex+10}
   (You found it on level 4 of the Dungeon)

   [amulet of magic regeneration]

   It increases your rate of magic regeneration.
   Str:       It affects your strength (+4).
   Dex:       It affects your dexterity (+10).
   rPois:     It protects you from poison.
   Contam:    It causes magical contamination when unequipped.
 F - a +6 ring of dexterity
Wands
 b - a wand of flame (22)
 c - a wand of charming (8)
 w - a wand of digging (3)
Scrolls
 a - 2 scrolls of fear {unknown}
 e - 6 scrolls of teleportation {unknown}
 f - 8 scrolls of identify {unknown}
 h - 2 scrolls of noise {unknown}
 i - a scroll of silence {unknown}
 j - a scroll of immolation {unknown}
 k - 3 scrolls of poison {unknown}
 o - a scroll of acquirement {unknown}
 r - 3 scrolls of magic mapping {unknown}
 t - 2 scrolls of vulnerability {unknown}
 u - a scroll of amnesia {unknown}
 z - 2 scrolls of torment {unknown}
 A - 3 scrolls of butterflies {unknown}
Potions
 g - 7 potions of curing {unknown}
 l - a potion of brilliance {unknown}
 q - 2 potions of attraction {unknown}
 s - 2 potions of haste {unknown}
 x - a potion of ambrosia {unknown}
 B - 2 potions of mutation {unknown}
 C - a potion of lignification {unknown}
 D - 2 potions of heal wounds {unknown}
 E - a potion of berserk rage {unknown}
 G - a potion of flight {unknown}


   Skills:
 * Level 4.7 Fighting
 + Level 0.5 Throwing
 - Level 2.3 Dodging
 - Level 1.3 Stealth
 + Level 8.1 Unarmed Combat
 * Level 4.3 Spellcasting
 - Level 3.2 Evocations


You had 15 spell levels left.
You didn't know any spells.
Your spell library contained the following spells:

 Spells                   Type           Power      Damage    Failure   Level
 Magic Dart               Conj           12%        1d3       17%         1
 Call Imp                 Summ           3%         N/A       26%         2
 Searing Ray              Conj           6%         2d4       26%         2
 Frozen Ramparts          Ice            6%         1d1       45%         3
 Mephitic Cloud           Conj/Pois/Air  3%         N/A       45%         3
 Fulminant Prism          Conj/Hex       1%         3d6       86%         4
 Ice Form                 Ice/Tmut       3%         N/A       86%         4
 Iskenderun's Mystic Bla  Conj/Tloc      3%         2d3       86%         4
 Summon Ice Beast         Ice/Summ       3%         N/A       86%         4
 Lee's Rapid Deconstruct  Erth           1%         3d5*      99%         5


Dungeon Overview and Level Annotations

Branches:
Dungeon (5/15)              Sewer (visited)
 Temple: D:4-7

Altars:
Sif Muna
The Shining One

Shops:
D:4 [

Annotations:
D:5 exclusion: ogre


Innate Abilities, Weirdness & Mutations

You cannot wear most types of armour.
You are amphibious.
You can wear up to eight rings at the same time.
Your skin changes colour to match your surroundings (Stealth+).
Your rubbery body absorbs attacks. (AC +1, EV +1)
((You are camouflaged when in or above water. (Stealth+)))
You have tentacles for arms and can constrict up to eight enemies at once.


Message History

a +0 halberd; a gnoll corpse The gnoll throws a poisoned dart.
The poisoned dart closely misses you. The gnoll attacks as you move away!
The gnoll misses you.
There is an open door here.
You tentacle-slap the gnoll. You grab the gnoll.
The gnoll is lightly wounded.
You constrict the gnoll. The gnoll closely misses you.
You tentacle-slap the gnoll.
The gnoll is moderately wounded.
You constrict the gnoll. The gnoll hits you with a +0 whip!
You tentacle-slap the gnoll.
The gnoll is almost dead.
You constrict the gnoll, but do no damage.
The gnoll barely misses you.
The gnoll hits you from afar with a +0 spear.
You bludgeon the gnoll!
You kill the gnoll!
The gnoll misses you.
You barely miss the gnoll. Your grab misses the gnoll. The gnoll misses you.
The gnoll hits you from afar with a +0 spear.
You closely miss the gnoll. You grab the gnoll. You squeeze the gnoll.
The gnoll is moderately wounded.
You constrict the gnoll, but do no damage.
You tentacle-slap the gnoll.
The gnoll is heavily wounded.
You constrict the gnoll.
The gnoll hits you from afar with a +0 spear.
The gnoll hits you with a +0 whip!
* * * LOW HITPOINT WARNING * * *
You tentacle-slap the gnoll. You squeeze the gnoll.
You kill the gnoll!
The gnoll hits you from afar with a +0 spear.
* * * LOW HITPOINT WARNING * * *
The gnoll hits you with a +0 spear.
* * * LOW HITPOINT WARNING * * *
Items here: ( )) †.
You tentacle-slap the gnoll. You grab the gnoll.
The gnoll is heavily wounded.
You constrict the gnoll. The gnoll hits you with a +0 spear!
You die...

....###.####.# #.# #.......
.............# #.# #######.
........####.### #.# #.
.##.#####
#...##################
.##.#
#...#..###...#.)#..#.#
.##.#
#.#....#.###...##.##.#
.##.#
#.###.#..#.###....#..#
.##.#
#.###'#.#..#.###....##
.##.#
###)..#@###.#..#.###...#
..#.#
##...###.g.###.#..#.###.#
))..#
##.###.####...###.#..#.#'#
..######)## ##.#
###)..###......# .........#
#.# ##).##.#..#.##
#.######.## ##.#
#....##.#..#.### ##.#
##.###.## ##g.##.#..#.##.#
#.## ####...###
..o##.#..#.##.)# .##
#........##..##.#..#.##..##


You could see a gnoll.

Vanquished Creatures
  2 water moccasins
  An ice beast (D:5)
  A black bear (D:5)
  2 ogres (D:5)
  A scorpion (D:5)
  3 wights (D:5)
  A jelly (D:5)
  2 orc priests
  A hound (D:5)
  Ijyb (D:3)
  Jessica (D:3)
  3 iguanas (D:5)
  4 gnolls (D:5)
  A river rat (D:5)
  3 adders
  2 white imps (D:5)
  An ufetubus (D:4)
  4 worms
  11 dart slugs
  13 orcs
  6 endoplasms
  3 giant cockroaches
  4 goblins
  4 hobgoblins
  2 jackals (Sewer)
  6 kobolds
  2 quokkas (D:4)
  5 ball pythons
  6 bats
  3 frilled lizards
  5 rats
104 creatures vanquished.

Vanquished Creatures (collateral kills)
  An ogre (D:5)
  3 killer bees (D:5)
  A jelly (D:5)
  An orc priest (D:3)
  2 river rats (D:5)
  A dart slug (D:3)
  A quokka (D:5)
  A rat (D:5)
11 creatures vanquished.

Vanquished Creatures (others)
  An orc warrior (D:5)
  A killer bee (D:5)
  A fungus (D:1)
3 creatures vanquished.

Grand Total: 118 creatures vanquished

Notes
Turn   | Place    | Note
-------+----------+-------------------------------------------
     0 | D:1      | H0rd4k the Octopode Artificer began the quest for the Orb.
     0 | D:1      | Reached XP level 1. HP: 13/13 MP: 1/1
   198 | D:1      | Reached skill level 1 in Spellcasting
   198 | D:1      | Reached XP level 2. HP: 8/18 MP: 3/3
   460 | D:1      | Found a faded altar of an unknown god.
  1100 | D:2      | Reached XP level 3. HP: 7/24 MP: 3/5
  1412 | D:2      | Reached skill level 1 in Unarmed Combat
  1534 | D:2      | Found a glowing golden altar of the Shining One.
  2336 | D:3      | Reached XP level 4. HP: 17/29 MP: 6/6
  2663 | D:3      | Reached skill level 2 in Unarmed Combat
  2880 | D:3      | Noticed a water moccasin
  2887 | D:3      | Killed a water moccasin
  2888 | D:3      | Reached skill level 3 in Unarmed Combat
  2888 | D:3      | Reached XP level 5. HP: 10/35 MP: 8/8
  3238 | D:3      | Noticed Ijyb
  3256 | D:3      | Reached XP level 6. HP: 7/41 MP: 9/9
  3649 | D:3      | Killed Ijyb
  3892 | D:3      | Noticed Jessica
  3902 | D:3      | Killed Jessica
  3903 | D:3      | Reached skill level 4 in Unarmed Combat
  4052 | D:3      | Found a shimmering blue altar of Sif Muna.
  4210 | D:4      | Found Wariki's Armour Boutique.
  4435 | D:4      | Identified the amulet "Leosua Otai" {RegenMP Contam rPois
                  | Str+4 Dex+10}
  5083 | D:5      | Entered Level 5 of the Dungeon
  5256 | D:5      | Reached XP level 7. HP: 17/46 MP: 11/11
  5304 | D:5      | Found a glowing drain.
  5323 | Sewer    | Entered a sewer
  5511 | Sewer    | Reached skill level 5 in Unarmed Combat
  5710 | D:5      | Reached skill level 6 in Unarmed Combat
  6190 | D:5      | Reached XP level 8. HP: 54/54 MP: 13/13
  6254 | D:5      | Reached skill level 7 in Unarmed Combat
  6701 | D:5      | Reached skill level 8 in Unarmed Combat
  6729 | D:5      | HP: 2/54 [gnoll/+0 spear (4)]
  6730 | D:5      | Slain by a gnoll

Illustrated notes

Levels and vault maps discovered:
D:1:      amcnicky_arrival_underground_garden, layout_basic,
          shapermc_ecumenical_altar_gd
D:2:      layout_loops_corners, basic_altar, kennysheep_path_1
D:3:      kennysheep_slugbush, layout_basic, tgw_sif, serial_bayou_pond_c,
          uniq_ijyb
D:4:      layout_basic, serial_shops, nicolae_take_the_stairs, nicolae_wormholes
D:5:      minmay_razor_zed, layout_loops_ring, portal_sewer_entry_b

Skill      XL: |  1  2  3  4  5  6  7  8 |
---------------+-------------------------+-----
Spellcasting   | 1 2 3 4 |  4.3
Unarmed Combat | 1 3 4 6 8 |  8.1
Fighting       | 2 3 4 |  4.7
Throwing       | |  0.5
Dodging        | |  2.3
Stealth        | |  1.3
Evocations     | |  3.2

Action                   |  1- 3 |  4- 6 |  7- 9 || total
-------------------------+-------+-------+-------++-------
Melee: Unarmed           |    98 |    93 |    69 ||   260
       Constrict         |    19 |    36 |    14 ||    69
       Tentacles         |    17 |    32 |    17 ||    66
       Punch             |       |     6 |     5 ||    11
Throw: Dart              |       |       |     3 ||     3
Evoke: Wand              |       |    10 |    18 ||    28
 Stab: Sleeping          |    14 |     9 |     4 ||    27
Armor: Skin              |     8 |     3 |       ||    11
Dodge: Dodged            |    73 |    52 |    63 ||   188
